 Dungeon Crawl Stone Soup version 0.19.1-1-g22dce08 (webtiles) character file.

3506119 Iwannabefree the Grim Reaper (level 27, 198/198 HPs)
             Began as a High Elf Enchanter on Jan 5, 2017.
             Was the Champion of Yredelemnul.
             Escaped with the Orb
             ... and 5 runes on Jan 6, 2017!
             The game lasted 03:44:48 (61318 turns).

Iwannabefree the Grim Reaper (High Elf Enchanter)  Turns: 61318, Time: 03:44:48

Health: 198/198    AC: 22    Str: 20    XL:     27
Magic:  43/44      EV: 24    Int: 28    God:    Yredelemnul [******]
Gold:   3824       SH:  0    Dex: 17    Spells: 13 memorised, 4 levels left

rFire  + + +     SeeInvis +     n - +11 triple sword of Anger {slice, rF+ Str+4}
rCold  + . .     Gourm    .     T - quicksilver dragon scales
rNeg   + + +     Faith    .     (shield currently unavailable)
rPois  +         Spirit   .     M - +3 crown of Dyrovepreva {rElec Int+2 SInv}
rElec  +         Reflect  .     I - +0 cloak of Immorality {Regen+ Int+4 Slay+5}
rCorr  .         Harm     .     l - +2 pair of gloves
MR     ++++.     Rnd*Rage +     K - +0 pair of boots {Stlth+}
Stlth  ++........               J - amulet "Myucublu" {Fragile rPois MR+ Regen+}
                                S - ring "Ocsarghusk" {rF+ rN++ Int-3 Slay+4 SInv}
                                Q - ring "Mugaj" {rC+ rN+}

@: corroded, deflect missiles
A: claws 1, horns 1, talons 2, iridescent scales 1, yellow scales 1, berserk 2,
fire resistance 1, poison resistance, electricity resistance, wild magic 1
a: Recall Undead Slaves, Injury Mirror, Animate Dead, Drain Life, Enslave Soul,
Renounce Religion
0: Orb of Zot
}: 5/15 runes: decaying, silver, golden, abyssal, gossamer


You escaped.
You worshipped Yredelemnul.
Yredelemnul was exalted by your worship.
You were not hungry.

You visited 13 branches of the dungeon, and saw 57 of its levels.
You visited the Abyss 1 time.
You also visited: Ossuary, Ice Cave, Wizlab and Desolation.

You collected 6770 gold pieces.
You spent 2946 gold pieces at shops.

Inventory:

Hand Weapons
 n - the +11 triple sword of Anger (weapon) {slice, rF+ Str+4}
   (You found it in the Desolation of Salt)

   It inflicts extra damage upon your enemies.
   It affects your strength (+4).
   It protects you from fire.
 s - a +9 blowgun
 F - the +10 sword of Jihad {holy, *Rage rN+ EV+3, Useless Crap}
   (You took it off a deep elf sorcerer on level 3 of the Elven Halls)

   It has been blessed by the Shining One to cause great damage to the undead
   and demons.
   It affects your evasion (+3).
   It protects you from negative energy.
   It may make you go berserk in combat.
   Yredelemnul disapproves of the use of such an item.
Missiles
 R - 13 throwing nets (quivered)
 W - 9 curare-tipped needles
Armour
 l - a +2 pair of gloves (worn)
 I - the +0 cloak of Immorality (worn) {Regen+ Int+4 Slay+5}
   (You found it on level 6 of the Lair of Beasts)

   It affects your intelligence (+4).
   It affects your accuracy and damage with ranged weapons and melee attacks
   (+5).
   It increases your rate of regeneration.
 K - a +0 pair of boots of stealth (worn)
 M - the +3 crown of Dyrovepreva (worn) {rElec Int+2 SInv}
   (You found it on level 5 of the Vaults)

   It affects your intelligence (+2).
   It insulates you from electricity.
   It lets you see invisible.
 T - quicksilver dragon scales (worn)
Jewellery
 J - the amulet "Myucublu" (around neck) {Fragile rPois MR+ Regen+}
   (You found it on level 3 of the Crypt)

   [amulet of regeneration]

   It protects you from poison.
   It affects your resistance to hostile enchantments.
   It increases your rate of regeneration.
   It will be destroyed if unequipped.
 Q - the ring "Mugaj" (left hand) {rC+ rN+}
   (You bought it in a shop on level 9 of the Dungeon)

   [ring of protection from cold]

   It protects you from cold.
   It protects you from negative energy.
 S - the ring "Ocsarghusk" (right hand) {rF+ rN++ Int-3 Slay+4 SInv}
   (You found it on level 3 of the Tomb of the Ancients)

   [ring of slaying]

   It affects your intelligence (-3).
   It affects your accuracy and damage with ranged weapons and melee attacks
   (+4).
   It protects you from fire.
   It greatly protects you from negative energy.
   It lets you see invisible.
Wands
 y - a wand of digging (18/24) {@v4}
 H - a wand of disintegration (16/24)
 U - a wand of hasting (3/9) {@v3}
Scrolls
 a - a scroll of silence
 c - 8 scrolls of enchant armour
 d - a scroll of magic mapping
 g - 6 scrolls of recharging
 j - 3 scrolls of fog {@r4}
 k - 2 scrolls of immolation
 p - 8 scrolls of teleportation {@r3}
 r - 5 scrolls of identify {@r1}
 w - 3 scrolls of blinking {@r4}
 x - 7 scrolls of fear {@r5}
 A - 24 scrolls of remove curse {@r2}
 E - 5 scrolls of amnesia
 G - 7 scrolls of vulnerability
 O - a scroll of summoning
Potions
 b - 2 potions of ambrosia
 f - 4 potions of haste {@q3}
 m - 2 potions of invisibility
 o - 8 potions of brilliance
 q - 9 potions of curing {@q1}
 v - 4 potions of flight
 z - 7 potions of heal wounds {@q2}
 B - a potion of berserk rage
 C - 8 potions of might {@q4}
 L - 3 potions of magic
 P - 3 potions of resistance
 V - 5 potions of agility {@q5}
 Z - 3 potions of cancellation
Books
 N - a book of Ice

   Spells                             Type                      Level
   a - Ice Form                       Ice/Transmutation            4
   b - Metabolic Englaciation         Hexes/Ice                    5
   c - Ozocubu's Refrigeration        Ice                          6
   d - Bolt of Cold                   Conjuration/Ice              6
   e - Freezing Cloud                 Conjuration/Ice/Air          6
   f - Simulacrum                     Ice/Necromancy               6
 X - a book of Dreams

   Spells                             Type                      Level
   a - Ensorcelled Hibernation        Hexes/Ice                    2
   b - Silence                        Hexes/Air                    5
   c - Darkness                       Hexes                        6
   d - Shadow Creatures               Summoning                    6
Miscellaneous
 h - 3 phantom mirrors
 i - a figurine of a ziggurat
Comestibles
 e - 12 fruits {@e2}
 u - 6 meat rations {@e1}
 D - 26 bread rations {@e1}
 Y - a beef jerky {@e2}


   Skills:
 + Level 19.1 Fighting
   Level 1.2(18.0) Short Blades
 - Level 26.0 Long Blades
 - Level 1.0 Throwing
 - Level 10.0 Armour
 + Level 18.1 Dodging
 - Level 6.0 Stealth
 - Level 16.3 Spellcasting
 - Level 11.5 Conjurations
 - Level 11.5 Hexes
 - Level 7.0 Charms
   Level 5.0 Fire Magic
 - Level 9.5 Ice Magic
 - Level 15.4 Air Magic
 O Level 27 Invocations


You had 4 spell levels left.
You knew the following spells:

 Your Spells              Type           Power        Failure   Level  Hunger
a - Chain Lightning       Conj/Air       #######...   87%         8    ######.
b - Airstrike             Air            #######...   1%          4    None
c - Confuse               Hex            #######.     1%          3    None
d - Freezing Cloud        Conj/Ice/Air   #######...   6%          6    ###....
e - Spectral Weapon       Hex/Chrm       #######.     1%          3    None
f - Deflect Missiles      Chrm/Air       #######...   10%         6    ###....
g - Summon Lightning Spi  Summ/Air       ######..     2%          4    None
i - Invisibility          Hex            #######.     8%          6    ###....
k - Apportation           Tloc           ####......   6%          1    None
l - Passwall              Tmut/Erth      ####......   10%         2    None
m - Recall                Summ/Tloc      N/A          17%         3    None
r - Regeneration          Chrm/Necr      ######....   3%          3    None
s - Silence               Hex/Air        #######...   1%          5    None


Dungeon Overview and Level Annotations

Branches:
Dungeon (15/15)            Temple (1/1) D:6            Lair (6/6) D:10
  Swamp (4/4) Lair:4       Spider (4/4) Lair:4        Slime (1/5) Lair:5
    Orc (2/2) D:11            Elf (3/3) Orc:2        Vaults (5/5) D:13
  Crypt (3/3) Vaults:2       Tomb (3/3) Crypt:3      Depths (5/5) D:15
    Zot (5/5) Depths:5

Altars:
Ashenzari
Cheibriados
Dithmenos
Elyvilon
Fedhas
Gozag
Hepliaklqana
Kikubaaqudgha
Makhleb
Nemelex Xobeh
Okawaru
Qazlal
Ru
Sif Muna
Trog
Uskayaw
Vehumet
Xom
Yredelemnul
Zin
The Shining One
Beogh
Lugonu

Shops:
D:9 (:*=   Orc:2 ?*=[(   Elf:2 [=   Vaults:1 :   Vaults:4 [   Depths:1 }=}

Portals:
Hell: Depths:1 Depths:2 Depths:3 Depths:4 Depths:5
Abyss: Depths:1 Depths:4
Pandemonium: Depths:2 Depths:3
Ziggurat: Depths:2

Annotations:
D:7 1 runed door
Elf:2 5 runed doors
Elf:3 1 exclusion


Innate Abilities, Weirdness & Mutations

You have sharp fingernails.
You have a pair of small horns on your head.
You have razor-sharp toenails.
You are partially covered in iridescent scales. (AC +2)
You are partially covered in yellow scales. (AC +2)
You often lose your temper in combat.
Your flesh is heat resistant. (rF+)
Your system is resistant to poisons. (rPois)
You are resistant to electric shocks. (rElec)
Your spells are a little harder to cast, but a little more powerful.


Message History

You barely miss the rust devil.
The rust devil is lightly wounded.
The rust devil hits you. The rust devil corrodes you!
You slash the rust devil!
The rust devil is heavily wounded.
The rust devil misses you. The rust devil barely misses you.
You riposte.
You slice the rust devil!!
You kill the rust devil!
Yredelemnul accepts your kill.
No target in view!
No target in view!
There is a staircase leading out of the dungeon here.
You begin recalling your allies.
Sojobo is recalled.
Your bone dragon is recalled.
You now have 42/44 mp.
Your ghoul is recalled.
Your flayed ghost is recalled.
Okay, then.
Your vampire knight is recalled. x2
You stop recalling your allies.
You have escaped! #######).# #.... #.... #.... ####. ## # ##### # #Z@D# # #WVn#

# #.V.# #
#...# #
#...# #
#...#
########## #
#...#
#........# #
#...#
#........# #
#...#
#........###


You could see a friendly bone dragon, a friendly ghoul, 2 friendly vampire
knights, a friendly flayed ghost and the friendly Sojobo the spectral tengu.

Vanquished Creatures
  Khufu (Crypt:2)
  Mara (Tomb:1)
  5 ancient liches
  18 greater mummies
  Margery (Depths:5)
  A Killer Klown (Zot:4)
  5 caustic shrikes
  2 curse toes (Zot:5)
  2 golden dragons
  Nikola (Spider:2)
  3 bone dragons
  5 liches
  11 tentacled monstrosities
  Jorgrun (Depths:5)
  3 electric golems
  16 Orb Guardians
  2 titans
  2 deep elf blademasters (Elf:3)
  3 quicksilver dragons
  A tentacled starspawn (Abyss:3)
  8 sphinxes
  An ancient champion (Crypt:3)
  4 shadow dragons
  2 thorn hunters
  8 tengu reavers
  2 revenants
  4 storm dragons
  Donald (Crypt:1)
  8 fire giants
  An azure jelly (shapeshifter) (Vaults:5)
  A spectral human (Elf:3)
  13 deep elf sorcerers
  3 draconian monks
  An emperor scorpion (Spider:4)
  5 frost giants
  A cacodemon (WizLab)
  An iron dragon (Depths:4)
  2 ghost moths (Spider:4)
  A draconian knight (Zot:1)
  18 vault wardens
  2 imperial myrmidons (Desolation)
  An orc warlord (Orc:2)
  6 deep elf elementalists
  2 draconian shifters
  A draconian zealot (Zot:1)
  2 curse skulls
  3 ghouls
  5 war gargoyles
  An entropy weaver (Spider:1)
  19 stone giants
  11 ironheart preservers
  A draconian annihilator (Zot:1)
  3 draconian callers
  26 very ugly things
  5 deep elf demonologists
  11 bennus
  2 black draconians
  3 yellow draconians
  4 vampire knights
  6 deep elf annihilators
  A halazid warlock (Desolation)
  4 purple draconians
  3 red draconians
  2 green draconians (Zot:1)
  2 mottled draconians
  3 white draconians
  2 eidola
  5 spark wasps
  16 ettins
  11 mummy priests
  A green death (WizLab)
  3 crystal guardians
  8 jiangshi
  3 deep elf death magi
  A merfolk impaler (Depths:5)
  Snorg (D:11)
  8 deep elf high priests
  12 great orbs of eyes
  35 vault guards
  21 yaktaur captains
  8 fire dragons
  14 ogre magi
  A quicksilver dragon skeleton (Crypt:1)
  4 ragged hierophants
  4 rakshasas
  Harold (Orc:1)
  5 servants of whispers (Desolation)
  A ghost crab (Swamp:2)
  5 peacekeepers (Desolation)
  5 spriggan air magi
  The ghost of Alarkh the Cleaver, a journeyman DsMo of Okawaru (D:14)
  9 centaur warriors
  18 hydras
  Erolcha (D:9)
  8 ice dragons
  A catoblepas (Lair:3)
  21 dancing weapons
  24 death scarabs
  3 death knights
  3 vampire magi
  A satyr (shapeshifter) (Vaults:5)
  4 alligators
  An alligator (shapeshifter) (Vaults:5)
  5 deep troll shamans
  5 deep troll earth magi
  3 spriggan berserkers
  7 death yaks
  4 thrashing horrors (Abyss:3)
  3 soul eaters (WizLab)
  2 sun demons
  2 wretched stars (Abyss:3)
  15 deep elf knights
  A fire crab (shapeshifter) (Depths:4)
  16 skeletal warriors
  A sixfirhy (D:10)
  A spark wasp zombie (Depths:2)
  11 hell knights
  2 unseen horrors
  A torturous demonspawn (Zot:2)
  A shadow wraith (Vaults:2)
  A spatial maelstrom (Abyss:3)
  17 deep trolls
  A storm dragon skeleton (Crypt:3)
  A gelid demonspawn (D:10)
  3 glowing orange brains
  6 flayed ghosts
  14 deep elf archers
  6 swamp dragons
  6 hill giants
  6 phantasmal warriors
  A golden dragon zombie (Crypt:3)
  9 wizards
  2 spriggan druids (Swamp:3)
  5 large abominations
  A shambling mangrove (Swamp:2)
  18 ironbrand convokers
  15 orc knights
  A tengu zombie (Depths:2)
  17 orb spiders
  A golden dragon skeleton (Crypt:3)
  A wolf spider zombie (Tomb:1)
  4 harpies
  A shadow dragon zombie (Crypt:1)
  10 necromancers
  32 ugly things
  Pikel (D:7)
  A mana viper (shapeshifter) (Depths:2)
  A stone giant zombie (Crypt:3)
  A cyclops (shapeshifter) (Depths:2)
  2 frost giant zombies
  A wolf spider (shapeshifter) (Vaults:5)
  28 wolf spiders
  7 cyclopes
  3 orc sorcerers
  A manticore (D:11)
  2 moths of wrath
  55 deep elf magi
  2 ice statues (IceCv)
  A moth of wrath (shapeshifter) (Vaults:4)
  2 salamanders (Depths:4)
  2 iron dragon skeletons (Crypt:3)
  A worldbinder (Abyss:3)
  A faun (shapeshifter) (Vaults:3)
  2 guardian serpents (Desolation)
  A fire giant skeleton (Crypt:3)
  A frost giant skeleton (Crypt:1)
  2 centaur zombies
  A shock serpent zombie (Crypt:3)
  4 black mambas
  An orange demon (Zot:4)
  5 elephants
  A gargoyle (D:14)
  18 vault sentinels
  A molten gargoyle (Desolation)
  2 torpor snails
  4 rust devils
  16 spiny frogs
  2 hellions (WizLab)
  An emperor scorpion zombie (Crypt:3)
  3 centaur skeletons
  A storm dragon simulacrum (Tomb:1)
  A dire elephant skeleton (Crypt:3)
  2 rime drakes (Lair:2)
  13 demonic crawlers
  A swamp worm zombie (Crypt:1)
  39 yaktaurs
  5 ice devils
  4 komodo dragons
  A green draconian zombie (Crypt:1)
  A komodo dragon (shapeshifter) (Depths:2)
  7 freezing wraiths
  22 guardian mummies
  An anaconda simulacrum (Crypt:3)
  The ghost of buskinjo the Quickloader, a novice KoHu of Okawaru (D:5)
  A red devil (Zot:1)
  19 jumping spiders
  A troll (shapeshifter) (Depths:4)
  8 trolls
  A meliai (D:11)
  A meliai (shapeshifter) (Elf:2)
  13 hornets
  A wind drake (shapeshifter) (Vaults:2)
  A jumping spider (shapeshifter) (Depths:5)
  5 polar bears
  A hornet (shapeshifter) (Depths:2)
  19 two-headed ogres
  34 saltlings
  13 blink frogs
  5 bog bodies
  38 slime creatures
  A snapping turtle (shapeshifter) (Depths:2)
  2 fire dragon zombies
  7 hippogriffs
  2 hippogriffs (shapeshifter)
  2 small abominations (Abyss:3)
  A meliai zombie (Crypt:1)
  4 ice dragon zombies
  2 stone giant simulacra
  12 spriggans
  33 flying skulls
  14 air elementals
  A shadow (Crypt:1)
  52 redbacks
  7 wraiths
  27 yaks
  An alligator skeleton (Crypt:1)
  A vampire (Abyss:3)
  10 water elementals
  2 ettin skeletons (Crypt:1)
  2 ynoxinuls (WizLab)
  A fire dragon skeleton (Crypt:3)
  3 wyverns
  A hog (shapeshifter) (Depths:2)
  3 basilisks
  25 tarantellas
  4 fire elementals
  8 ushabtiu
  2 fire bats (shapeshifter)
  A golden eye (shapeshifter) (Vaults:1)
  2 steam dragons
  9 wargs
  A swamp worm (shapeshifter) (Vaults:5)
  Menkaure (D:7)
  3 insubstantial wisps (Abyss:3)
  10 vampire mosquitoes
  7 mottled dragons
  A soldier ant (D:12)
  3 spiny frog zombies
  18 swamp worms
  11 water moccasins
  7 porcupines
  A slave (D:7)
  7 ice beasts
  61 orc warriors
  10 swamp drakes
  2 necrophages
  A snapping turtle zombie (Crypt:1)
  A black bear (shapeshifter) (Depths:1)
  2 phantoms
  A black bear (D:11)
  6 sky beasts
  A swamp dragon zombie (Tomb:1)
  49 ogres
  4 boggarts
  14 wolves
  A blink frog zombie (Crypt:2)
  A snapping turtle skeleton (Crypt:3)
  A wolf (shapeshifter) (Vaults:2)
  11 centaurs
  9 crocodiles
  3 big kobolds
  A salamander skeleton (Crypt:1)
  A wyvern zombie (D:13)
  An earth elemental (Elf:2)
  14 bullfrogs
  4 scorpions
  A water moccasin skeleton (D:5)
  A polar bear skeleton (Crypt:2)
  13 wights
  8 howler monkeys
  3 electric eels
  2 crimson imps
  A quasit (D:10)
  3 bullfrog zombies
  25 orc priests
  9 hounds
  3 bullfrog skeletons
  7 jellies
  28 orc wizards
  Terence (D:2)
  5 iguanas
  9 worker ants
  Natasha (thrice) (D:3)
  An iguana (shapeshifter) (Vaults:4)
  6 hell rats (Lair:6)
  A big kobold zombie (Crypt:1)
  A deep dwarf zombie (Crypt:2)
  A deep dwarf skeleton (Crypt:2)
  A hound zombie (D:11)
  A felid skeleton (Crypt:1)
  A hound skeleton (D:4)
  22 mummies
  Robin (D:4)
  A worker ant zombie (D:10)
  10 gnolls
  13 adders
  2 howler monkey skeletons
  4 shadow imps
  6 white imps (IceCv)
  4 ufetubi (IceCv)
  3 oozes
  An adder zombie (D:6)
  A halfling zombie (Crypt:1)
  A lava snake skeleton (Crypt:2)
  An adder skeleton (D:10)
  A worm (D:3)
  5 dart slugs
  4 leopard geckos
  94 orcs
  9 bats
  A bat skeleton (Crypt:2)
  6 giant cockroaches
  A gnoll zombie (Crypt:2)
  16 goblins
  11 hobgoblins
  11 jackals
  19 kobolds
  4 quokkas
  A ball python skeleton (D:4)
  9 frilled lizards
  A giant cockroach zombie (D:5)
  2 gnoll skeletons (Ossuary)
  5 kobold skeletons (Ossuary)
  2 leopard gecko skeletons
  A leopard gecko zombie (Crypt:1)
  2 orc skeletons (Ossuary)
  4 rats
  A lurking horror (Abyss:3)
  2 starspawn tentacles (Abyss:3)
2192 creatures vanquished.

Vanquished Creatures (collateral kills)
  2 orbs of fire (Zot:5)
  5 ancient liches
  13 greater mummies
  A pandemonium lord (Zot:1)
  the Lernaean hydra (Swamp:4)
  A Killer Klown (Zot:5)
  5 caustic shrikes
  A golden dragon (Depths:4)
  An electric golem (Zot:5)
  A lich (Crypt:3)
  A tentacled monstrosity (Zot:5)
  10 Orb Guardians (Zot:5)
  A deep elf master archer (Elf:3)
  An Executioner (D:13)
  3 sphinxes
  3 shadow dragons
  A storm dragon (Depths:4)
  The ghost of kraktruk the Warrior, an adept GrFi of Okawaru (Spider:3)
  2 revenants
  Louise (Swamp:2)
  A deep elf sorcerer (Elf:3)
  A fire giant (Depths:5)
  4 ghost moths
  An imperial myrmidon (Desolation)
  2 vault wardens
  A curse skull (Crypt:1)
  A draconian zealot (Zot:5)
  6 emperor scorpions
  2 ghouls (Crypt:2)
  4 deep elf elementalists
  6 very ugly things
  A stone giant (Depths:4)
  2 draconian annihilators
  An entropy weaver (Spider:1)
  3 vampire knights
  A yellow draconian (Zot:5)
  3 bennus
  A green draconian (Depths:5)
  2 halazid warlocks (Desolation)
  A mottled draconian (Depths:5)
  A white draconian (Zot:5)
  4 deep elf annihilators
  An eidolon (Crypt:2)
  2 ettins
  2 deep elf death magi
  8 mummy priests
  2 deep elf high priests
  2 crystal guardians
  4 ragged hierophants (Desolation)
  A yaktaur captain (Vaults:1)
  3 fire dragons
  4 great orbs of eyes
  A vault guard (Vaults:5)
  4 ice dragons
  6 hydras
  A quicksilver dragon skeleton (Crypt:3)
  A hell beast (WizLab)
  A spriggan air mage (Depths:2)
  5 servants of whispers (Desolation)
  A rakshasa (Vaults:3)
  An ogre mage (Vaults:1)
  2 alligators (Swamp:2)
  A death knight (Vaults:4)
  15 death scarabs
  A deep troll earth mage (Vaults:1)
  A small abomination (Elf:3)
  2 sun demons
  A deep elf knight (Vaults:5)
  A storm dragon zombie (Crypt:3)
  A titan skeleton (Tomb:3)
  8 skeletal warriors
  A golden dragon zombie (Crypt:3)
  5 hell knights
  2 shadow wraiths
  A salamander mystic (Depths:4)
  A flayed ghost (Depths:2)
  An unseen horror (D:13)
  2 glowing orange brains
  2 deep trolls (Vaults:1)
  An ironbrand convoker (Vaults:3)
  7 swamp dragons (Swamp:4)
  2 necromancers
  2 orc knights
  5 phantasmal warriors
  4 orb spiders
  A fire giant zombie (Crypt:3)
  3 deep elf magi
  5 ugly things
  7 wolf spiders
  2 orc sorcerers (Orc:2)
  2 salamanders (Depths:4)
  A dire elephant zombie (Tomb:1)
  2 guardian serpents (Desolation)
  2 spiny frogs (Lair:5)
  A kobold demonologist (WizLab)
  A freezing wraith (Vaults:4)
  A demonic crawler (Spider:1)
  3 komodo dragons
  6 yaktaurs
  13 guardian mummies
  2 red devils
  8 jumping spiders
  5 hornets
  A polar bear (Lair:6)
  8 slime creatures
  A tyrant leech (Swamp:2)
  18 saltlings (Desolation)
  A hydra skeleton (Crypt:3)
  2 bog bodies
  2 dream sheep (shapeshifter)
  13 flying skulls
  5 tarantellas
  7 redbacks
  3 spriggans (Lair:6)
  4 yaks
  A wyvern (shapeshifter) (Depths:2)
  2 water elementals (Depths:5)
  11 ushabtiu
  A hill giant zombie (Crypt:2)
  A basilisk (Lair:5)
  A chaos spawn (Zot:1)
  A warg (Vaults:4)
  A mottled dragon (D:11)
  3 swamp worms
  A porcupine (Lair:3)
  2 swamp drakes
  2 black bears (Lair:6)
  An orc warrior (D:13)
  4 necrophages
  3 ogres
  A boggart (Lair:6)
  8 wolves
  2 bullfrogs
  An electric eel (Spider:4)
  An orc priest (D:9)
  An orc wizard (Orc:1)
  8 mummies
  A white imp (IceCv)
  7 orcs
  A kobold (D:11)
  A plant (Depths:5)
420 creatures vanquished.

Vanquished Creatures (others)
  2 bone dragons
  2 profane servitors (Zot:5)
  8 ghouls
  A stone giant (Vaults:5)
  A very ugly thing (Depths:1)
  3 vampire knights
  An ice dragon (Depths:2)
  A spectral human (Spider:1)
  17 death scarabs
  4 skeletal warriors
  4 flayed ghosts
  2 hill giants (D:11)
  A deep elf archer (Elf:2)
  11 phantasmal warriors
  A deep elf mage (Elf:1)
  A spectral rakshasa (Vaults:2)
  A yaktaur (Depths:2)
  2 redback zombies (Spider:4)
  A hydra zombie (D:11)
  A demonic crawler zombie (Spider:4)
  2 meliai (D:11)
  2 human zombies (Desolation)
  3 jumping spider zombies (Spider:4)
  6 flying skulls
  8 vampires
  2 wraiths (Spider:4)
  A yak (D:11)
  3 orb spider zombies (Spider:4)
  3 spiny frog zombies
  A swamp dragon zombie (Swamp:4)
  2 slaves (D:7)
  An ogre (D:7)
  2 centaurs (D:11)
  2 yak zombies (Lair:6)
  A scorpion (D:11)
  3 wights
  A wolf skeleton (Lair:6)
  2 orc wizards (D:11)
  A worker ant (D:11)
  3 mummies
  An adder (D:11)
  2 swamp drake zombies (Swamp:4)
  A white imp (IceCv)
  3 ufetubi (IceCv)
  A ball lightning (Tomb:2)
  An orc (Orc:2)
  3 orc zombies (Vaults:1)
  3 briar patches (Swamp:4)
  A fungus (Lair:4)
  12 plants
  6 starspawn tentacles (Abyss:3)
148 creatures vanquished.

Grand Total: 2760 creatures vanquished

Notes
Turn   | Place    | Note
-------+----------+-------------------------------------------
     0 | D:1      | Iwannabefree the High Elf Enchanter began the quest for the Orb.
     0 | D:1      | Reached XP level 1. HP: 11/11 MP: 4/4
   355 | D:1      | Reached XP level 2. HP: 10/17 MP: 6/6
   459 | D:1      | Learned a level 2 spell: Ensorcelled Hibernation
   740 | D:1      | Gained mutation: You tend to lose your temper in combat. [potion of mutation]
   740 | D:1      | Gained mutation: You evolve. [potion of mutation]
   954 | D:1      | Reached skill level 1 in Throwing
  1150 | D:1      | Reached XP level 3. HP: 21/21 MP: 1/8
  1241 | D:2      | Learned a level 3 spell: Confuse
  1701 | D:2      | Reached XP level 4. HP: 27/27 MP: 1/9
  2245 | D:3      | Noticed Terence
  2251 | D:3      | Noticed Natasha
  2547 | D:2      | Killed Terence
  2547 | D:2      | Reached skill level 5 in Hexes
  2701 | D:2      | Gained mutation: You rapidly evolve. [evolution]
  2806 | D:3      | Killed Natasha
  2806 | D:3      | Reached XP level 5. HP: 32/32 MP: 6/10
  2814 | D:3      | Noticed Natasha
  2830 | D:3      | Killed Natasha
  2830 | D:3      | Reached skill level 1 in Fighting
  3198 | D:3      | Noticed Natasha
  3206 | D:3      | Killed Natasha
  3645 | D:4      | Reached XP level 6. HP: 36/39 MP: 7/11
  3666 | D:4      | Got a smoking short sword
  3667 | D:4      | Identified the +8 short sword of Eternal Harmony {venom, rElec} (You found it on level 4 of the Dungeon)
  3768 | D:4      | Found a sand-covered staircase.
  3776 | Ossuary  | Entered an ossuary
  3776 | Ossuary  | Noticed a wraith
  3776 | Ossuary  | Noticed a wraith
  3776 | Ossuary  | Noticed a wraith
  3814 | Ossuary  | Gained mutation: You occasionally shout uncontrollably at your foes. [potion of mutation]
  3814 | Ossuary  | Gained mutation: You are frail. (-10% HP) [potion of mutation]
  3814 | Ossuary  | Gained mutation: You are partially covered in yellow scales. (AC +2) [potion of mutation]
  3815 | Ossuary  | Gained mutation: You are resistant to electric shocks. (rElec) [potion of mutation]
  3815 | Ossuary  | Lost mutation: You are frail. (-10% HP) [potion of mutation]
  3898 | Ossuary  | Noticed a wraith
  3918 | Ossuary  | Learned a level 3 spell: Conjure Flame
  4014 | D:4      | Killed a wraith
  4160 | D:4      | Lost mutation: You tend to lose your temper in combat. [evolution]
  4226 | D:4      | Reached XP level 7. HP: 45/45 MP: 13/13
  4381 | D:4      | Noticed Robin
  4400 | D:4      | Killed Robin
  4580 | D:5      | Entered Level 5 of the Dungeon
  4607 | D:5      | Reached skill level 5 in Stealth
  4733 | D:5      | Gained mutation: Your flesh is heat resistant. (rF+) [evolution]
  4876 | D:5      | Found a white marble altar of Elyvilon.
  4876 | D:5      | Found a shadowy altar of Dithmenos.
  5026 | D:5      | Reached XP level 8. HP: 54/54 MP: 15/15
  5079 | D:5      | Noticed buskinjo's ghost (novice KoHu)
  5163 | D:5      | Killed buskinjo's ghost
  5163 | D:5      | Reached skill level 5 in Dodging
  5163 | D:5      | Reached skill level 5 in Spellcasting
  5254 | D:5      | Got a bronze ring mail
  5453 | D:6      | Found a staircase to the Ecumenical Temple.
  5461 | Temple   | Entered the Ecumenical Temple
  5468 | Temple   | Became a worshipper of Yredelemnul the Dark
  5499 | D:6      | Identified the +7 ring mail "Pahagrec" {rPois} (You found it on level 5 of the Dungeon)
  5648 | D:6      | Found a hide-covered altar of Uskayaw.
  5648 | D:6      | Found a sparkling altar of Nemelex Xobeh.
  5664 | D:6      | Gained mutation: You are frail. (-10% HP) [evolution]
  5831 | D:6      | Reached skill level 1 in Long Blades
  5836 | D:6      | Reached skill level 1 in Armour
  6322 | D:6      | Reached skill level 5 in Fighting
  6322 | D:6      | Reached XP level 9. HP: 49/54 MP: 18/18
  6399 | D:7      | Noticed a sixfirhy
  6400 | D:7      | Found a runed door.
  6471 | D:7      | Noticed Pikel
  6499 | D:7      | Killed Pikel
  6565 | D:7      | Reached * piety under Yredelemnul
  6582 | D:7      | Gained mutation: You are partially covered in iridescent scales. (AC +2) [evolution]
  6633 | D:7      | Noticed Menkaure
  6642 | D:7      | Killed Menkaure
  6835 | D:7      | Found an ancient bone altar of Kikubaaqudgha.
  6837 | D:7      | Found a blossoming altar of Fedhas.
  7110 | D:8      | Reached skill level 5 in Long Blades
  7287 | D:8      | Found a sacrificial altar of Ru.
  7524 | D:8      | Reached XP level 10. HP: 50/61 MP: 18/20
  7810 | D:9      | Found Haiw's Antique Weapon Shop.
  7842 | D:9      | Reached ** piety under Yredelemnul
  7872 | D:9      | Bought a runed long sword for 323 gold pieces
  7897 | D:9      | Identified a +0 rod of shadows (14/14) (You found it on level 9 of the Dungeon)
  7911 | D:9      | Found a stormy altar of Qazlal.
  8162 | D:9      | Found a stormy altar of Qazlal.
  8162 | D:9      | Found a faded altar of an unknown god.
  8167 | D:9      | Found a faded altar of an unknown god.
  8170 | D:9      | Found a faded altar of an unknown god.
  8171 | D:9      | Found an opulent altar of Gozag.
  8249 | D:9      | Found Effaint's Jewellery Shop.
  8264 | D:9      | Found Voippol's Book Emporium.
  8312 | D:9      | Noticed Erolcha
  8631 | D:10     | Entered Level 10 of the Dungeon
  8634 | D:10     | Noticed a hill giant
  8652 | D:10     | Killed a hill giant
  8693 | D:10     | Noticed a hill giant
  8699 | D:10     | Killed a hill giant
  8732 | D:10     | Found a burning altar of Makhleb.
  8732 | D:10     | Noticed a green death
  9002 | D:10     | Found a staircase to the Lair.
  9089 | D:10     | Reached XP level 11. HP: 67/67 MP: 23/23
  9138 | D:10     | Killed an unseen horror
  9396 | D:10     | Reached skill level 5 in Armour
  9430 | D:11     | Killed a hill giant
  9432 | D:11     | Killed a hill giant
  9438 | D:11     | Reached *** piety under Yredelemnul
  9470 | D:11     | Found a staircase to the Orcish Mines.
  9516 | D:11     | Found a shimmering altar of Xom.
  9517 | D:11     | Noticed a hill giant
  9529 | D:11     | Killed a hill giant
  9641 | D:11     | Lost mutation: You are frail. (-10% HP) [evolution]
  9792 | D:11     | Received a gift from Yredelemnul (a wight)
  9854 | D:11     | Noticed a seven-headed hydra
 10144 | D:11     | Killed a seven-headed hydra
 10210 | D:11     | Noticed a red ugly thing
 10213 | D:11     | Noticed a five-headed hydra
 10217 | D:11     | Killed a five-headed hydra
 10227 | D:11     | Killed a red ugly thing
 10253 | D:11     | Noticed a cyan ugly thing
 10263 | D:11     | Killed a cyan ugly thing
 10263 | D:11     | Reached skill level 1 in Invocations
 10503 | D:11     | Noticed Snorg
 10826 | D:11     | Reached skill level 2 in Invocations
 10837 | D:11     | Noticed a brown ugly thing
 10854 | D:11     | Killed a brown ugly thing
 10879 | D:11     | Killed Snorg
 11184 | Lair:1   | Entered Level 1 of the Lair of Beasts
 11216 | Lair:1   | Gained mutation: Your flesh is very heat resistant. (rF++) [evolution]
 11238 | Lair:1   | Reached skill level 3 in Invocations
 11242 | Lair:1   | Reached XP level 12. HP: 60/84 MP: 22/26
 11595 | Lair:1   | Found a sparkling altar of Nemelex Xobeh.
 11613 | Lair:1   | Learned a level 3 spell: Tukima's Dance
 11617 | Lair:1   | Learned a level 3 spell: Dazzling Spray
 11621 | Lair:1   | Learned a level 2 spell: Repel Missiles
 11624 | Lair:1   | Learned a level 2 spell: Blink
 11628 | Lair:1   | Learned a level 3 spell: Mephitic Cloud
 11776 | Lair:1   | Reached skill level 4 in Invocations
 11844 | Lair:1   | Received a gift from Yredelemnul (a mummy)
 12165 | Lair:2   | Noticed an eight-headed hydra
 12209 | Lair:2   | Found a frozen archway.
 12221 | IceCv    | Entered an ice cave
 12249 | IceCv    | Received a gift from Yredelemnul (a wight)
 12389 | IceCv    | Reached skill level 5 in Invocations
 12606 | Lair:1   | Gained mutation: You have sharp fingernails. [evolution]
 12713 | Lair:2   | Reached skill level 1 in Conjurations
 12726 | Lair:2   | Noticed a seven-headed hydra
 12775 | Lair:1   | Killed a seven-headed hydra
 12775 | Lair:1   | Reached skill level 1 in Fire Magic
 12866 | Lair:1   | Learned a level 4 spell: Sticky Flame
 13160 | Lair:2   | Noticed a seven-headed hydra
 13170 | Lair:2   | Killed a seven-headed hydra
 13377 | Lair:2   | Killed an eight-headed hydra
 13377 | Lair:2   | Reached skill level 1 in Charms
 13377 | Lair:2   | Reached skill level 1 in Air Magic
 13731 | Lair:2   | Noticed a seven-headed hydra
 13751 | Lair:2   | Killed a seven-headed hydra
 13875 | Lair:3   | Reached **** piety under Yredelemnul
 13983 | Lair:3   | Received a gift from Yredelemnul (a mummy)
 14025 | Lair:3   | Reached skill level 5 in Conjurations
 14080 | Lair:3   | Noticed a seven-headed hydra
 14108 | Lair:3   | Gained mutation: You have sharp toenails. [evolution]
 14409 | Lair:3   | Killed a seven-headed hydra
 14409 | Lair:3   | Reached skill level 5 in Fire Magic
 14607 | Lair:4   | Found a hole to the Spider Nest.
 14615 | Lair:4   | Reached XP level 13. HP: 75/90 MP: 24/27
 15508 | Lair:3   | Reached skill level 10 in Spellcasting
 15854 | Lair:4   | Gained mutation: You have razor-sharp toenails. [evolution]
 16029 | Lair:4   | Found a staircase to the Swamp.
 16448 | Lair:5   | Reached skill level 6 in Invocations
 16674 | Lair:5   | Found a staircase to the Slime Pits.
 17218 | Lair:6   | Entered Level 6 of the Lair of Beasts
 17356 | Lair:6   | Reached ***** piety under Yredelemnul
 17475 | Lair:6   | Got a translucent cloak
 17486 | Lair:6   | Identified the cursed +0 cloak of Immorality {Regen+ Int+4 Slay+5} (You found it on level 6 of the Lair of Beasts)
 17528 | Lair:6   | Reached skill level 7 in Invocations
 17535 | Lair:6   | Received a gift from Yredelemnul (a wight)
 17574 | Lair:6   | Received a gift from Yredelemnul (5 flying skulls)
 17710 | Lair:6   | Received a gift from Yredelemnul (a vampire)
 17720 | Lair:6   | Reached skill level 8 in Invocations
 18195 | Lair:6   | Reached XP level 14. HP: 95/97 MP: 30/30
 18475 | Orc:1    | Entered Level 1 of the Orcish Mines
 18579 | Orc:1    | Received a gift from Yredelemnul (a wight)
 18623 | Orc:1    | Reached skill level 10 in Long Blades
 18891 | Orc:1    | Lost mutation: You occasionally shout uncontrollably at your foes. [evolution]
 19008 | Orc:1    | Noticed Harold
 19020 | Orc:1    | Killed Harold
 19324 | Orc:2    | Entered Level 2 of the Orcish Mines
 19418 | Orc:2    | Identified a scroll of acquirement
 19502 | Orc:2    | Found a roughly hewn altar of Beogh.
 19672 | Orc:2    | Found a roughly hewn altar of Beogh.
 19688 | Orc:2    | Reached skill level 9 in Invocations
 19702 | Orc:2    | Found Nanafo's General Store.
 19745 | Orc:2    | Found a staircase to the Elven Halls.
 19755 | Orc:2    | Found Lyludext's Magic Scroll Shoppe.
 19761 | Orc:2    | Bought a scroll of blinking for 90 gold pieces
 19761 | Orc:2    | Bought a scroll of vulnerability for 90 gold pieces
 19761 | Orc:2    | Bought a scroll of vulnerability for 90 gold pieces
 19761 | Orc:2    | Bought a scroll of immolation for 42 gold pieces
 20134 | Orc:2    | Noticed an orc warlord
 20174 | Orc:2    | Killed an orc warlord
 20174 | Orc:2    | Reached skill level 10 in Fighting
 20233 | Orc:2    | Received a gift from Yredelemnul (a wraith)
 20559 | Orc:2    | Received a gift from Yredelemnul (a phantasmal warrior)
 20573 | Orc:2    | Found Destunt's Antique Armour Shop.
 20574 | Orc:2    | Found a roughly hewn altar of Beogh.
 20586 | Orc:2    | Found Cerepucw's Antique Weapon Boutique.
 20632 | Orc:2    | Found a roughly hewn altar of Beogh.
 20656 | Orc:2    | Received a gift from Yredelemnul (a phantasmal warrior)
 20661 | Orc:2    | Found a roughly hewn altar of Beogh.
 20671 | Orc:2    | Found Izoic's Jewellery Boutique.
 20930 | D:9      | Bought a book of Party Tricks for 750 gold pieces
 20937 | D:9      | Learned a level 6 spell: Invisibility
 20939 | D:9      | Learned a level 1 spell: Apportation
 21031 | D:9      | Found Qewk's Assorted Antiques.
 21094 | D:9      | Killed Erolcha
 21250 | D:12     | Received a gift from Yredelemnul (a vampire)
 21586 | D:12     | Reached skill level 10 in Invocations
 22251 | D:13     | Found a gate to the Vaults.
 22259 | D:13     | Reached ****** piety under Yredelemnul
 22756 | D:13     | Reached XP level 15. HP: 105/105 MP: 25/31
 22757 | D:13     | Received a gift from Yredelemnul (a wraith)
 23088 | D:13     | Reached skill level 10 in Dodging
 23140 | D:14     | Noticed Alarkh's ghost (journeyman DsMo)
 23165 | D:14     | Gained mutation: Your spells are a little harder to cast, but a little more powerful. [evolution]
 23166 | D:14     | Killed Alarkh's ghost
 23239 | D:14     | Received a gift from Yredelemnul (a skeletal warrior)
 23252 | D:14     | Found a shattered altar of Ashenzari.
 23817 | D:15     | Entered Level 15 of the Dungeon
 23956 | D:15     | Noticed a fire giant
 24005 | D:15     | Found a staircase to the Depths.
 24032 | D:15     | Killed a fire giant
 24707 | D:9      | Bought a brightly glowing great sword for 379 gold pieces
 24707 | D:9      | Bought a potion of curing for 99 gold pieces
 24707 | D:9      | Bought a scroll of identify for 66 gold pieces
 24707 | D:9      | Bought a runed fluorescent wand for 132 gold pieces
 24711 | D:9      | Identified the cursed +0 great sword "Beetleslayer" {flame, *Slow Dex+6} (You bought it in a shop on level 9 of the Dungeon)
 24877 | Slime:1  | Entered Level 1 of the Pits of Slime
 24927 | Spider:1 | Entered Level 1 of the Spider Nest
 25246 | Spider:1 | Reached skill level 10 in Hexes
 25460 | Spider:1 | Reached skill level 15 in Long Blades
 25536 | Spider:1 | Noticed Frances
 25622 | Lair:4   | Killed Frances
 25622 | Lair:4   | Enslaved Frances
 25748 | Spider:1 | Received a gift from Yredelemnul (a wraith)
 25848 | Spider:1 | Learned a level 2 spell: Passwall
 25919 | Spider:1 | Your ally Frances died
 26216 | Spider:2 | Received a gift from Yredelemnul (a vampire knight)
 26607 | Spider:2 | Noticed Nikola
 26620 | Spider:2 | Killed Nikola
 26671 | Spider:2 | Received a gift from Yredelemnul (a phantasmal warrior)
 26905 | Spider:3 | Noticed kraktruk's ghost (adept GrFi)
 26928 | Spider:3 | Killed kraktruk's ghost
 26928 | Spider:3 | Reached XP level 16. HP: 82/114 MP: 3/34
 26929 | Spider:3 | Received a gift from Yredelemnul (a phantasmal warrior)
 27636 | Spider:4 | Entered Level 4 of the Spider Nest
 27663 | Spider:4 | Received a gift from Yredelemnul (a bone dragon)
 27817 | Spider:4 | Received a gift from Yredelemnul (a skeletal warrior)
 28123 | Spider:4 | Received a gift from Yredelemnul (a ghoul)
 28401 | Spider:4 | Received a gift from Yredelemnul (a phantasmal warrior)
 28657 | Spider:4 | Received a gift from Yredelemnul (a vampire)
 28859 | Spider:4 | Received a gift from Yredelemnul (a ghoul)
 28986 | Spider:4 | Got a gossamer rune of Zot
 29138 | Swamp:1  | Entered Level 1 of the Swamp
 29784 | Swamp:1  | Received a gift from Yredelemnul (a skeletal warrior)
 30038 | Swamp:2  | Received a gift from Yredelemnul (a profane servitor)
 30110 | Swamp:2  | Noticed Louise
 30120 | Swamp:2  | Killed Louise
 30262 | Swamp:2  | Reached XP level 17. HP: 121/121 MP: 36/36
 30630 | Swamp:3  | Received a gift from Yredelemnul (a ghoul)
 31273 | Swamp:4  | Entered Level 4 of the Swamp
 31796 | Swamp:4  | Received a gift from Yredelemnul (a bone dragon)
 31861 | Swamp:4  | Noticed the 27-headed Lernaean hydra
 31870 | Swamp:4  | Killed the 25-headed Lernaean hydra
 31870 | Swamp:4  | Reached skill level 10 in Armour
 32002 | Swamp:4  | Got a decaying rune of Zot
 32399 | D:9      | Bought the ring "Mugaj" {rC+ rN+} for 506 gold pieces
 32521 | Vaults:1 | Entered Level 1 of the Vaults
 32644 | Vaults:1 | Found Wuoxetel's Book Shop.
 32661 | Vaults:1 | Found a ruined gateway.
 32683 | Desolati | Entered the Desolation of Salt
 32699 | Desolati | Received a gift from Yredelemnul (a ghoul)
 32857 | Desolati | Identified the Tome of the Mountains
 32916 | Desolati | Received a gift from Yredelemnul (a vampire)
 33064 | Desolati | Received a gift from Yredelemnul (a vampire knight)
 33110 | Desolati | Received a gift from Yredelemnul (a profane servitor)
 33260 | Desolati | Got a fine triple sword
 33261 | Desolati | Identified the +11 triple sword of Anger {slice, rF+ Str+4} (You found it in the Desolation of Salt)
 33276 | Desolati | Learned a level 3 spell: Recall
 33288 | Desolati | Got a steaming jade amulet
 33291 | Desolati | Identified the amulet "Issigra" {Spirit rElec Int+7 Slay-4} (You found it in the Desolation of Salt)
 33331 | Desolati | Received a gift from Yredelemnul (a vampire knight)
 33485 | Desolati | Identified Riphits's Tome of Unstable Envenoming
 33959 | Vaults:1 | Reached XP level 18. HP: 121/131 MP: 37/37
 34006 | Vaults:1 | Learned a level 5 spell: Silence
 34189 | Vaults:1 | Received a gift from Yredelemnul (a vampire knight)
 34316 | Vaults:1 | Received a gift from Yredelemnul (a vampire knight)
 34381 | Vaults:1 | Gained mutation: You have a pair of small horns on your head. [evolution]
 35849 | Vaults:2 | Reached skill level 15 in Fighting
 36144 | Vaults:2 | Noticed Asterion
 36161 | Vaults:2 | Found a staircase to the Crypt.
 36173 | Crypt:1  | Entered Level 1 of the Crypt
 36923 | Vaults:1 | Killed Asterion
 36923 | Vaults:1 | Enslaved Asterion
 37529 | Vaults:3 | Received a gift from Yredelemnul (a vampire)
 37898 | Vaults:3 | Received a gift from Yredelemnul (a phantasmal warrior)
 38043 | Vaults:3 | Reached XP level 19. HP: 138/141 MP: 38/38
 38629 | Vaults:3 | Gained mutation: Your system is resistant to poisons. (rPois) [evolution]
 38831 | Vaults:4 | Found Iferoul's Armour Shop.
 39088 | Vaults:4 | Got a steaming brass ring
 39090 | Vaults:4 | Identified the ring "Yqubamie" {*Corrode rF++ Int+2 Stlth+} (You acquired it on level 4 of the Vaults)
 39191 | Vaults:4 | Received a gift from Yredelemnul (a skeletal warrior)
 39510 | Vaults:4 | Received a gift from Yredelemnul (a vampire knight)
 40242 | Vaults:5 | Entered Level 5 of the Vaults
 40259 | Vaults:4 | Received a gift from Yredelemnul (a vampire knight)
 40609 | Elf:1    | Entered Level 1 of the Elven Halls
 40947 | Elf:1    | Reached skill level 15 in Dodging
 40957 | Elf:1    | Received a gift from Yredelemnul (a skeletal warrior)
 40965 | Elf:1    | Noticed a Brimstone Fiend
 41384 | Elf:1    | Learned a level 6 spell: Deflect Missiles
 41703 | Elf:1    | Reached XP level 20. HP: 142/150 MP: 39/39
 41706 | Elf:1    | Received a gift from Yredelemnul (a vampire knight)
 41743 | Elf:1    | Received a gift from Yredelemnul (a phantasmal warrior)
 41932 | Elf:2    | Received a gift from Yredelemnul (a phantasmal warrior)
 41940 | Elf:2    | Found a magical portal.
 41957 | WizLab   | Entered The Hall of the Hellbinder
 42092 | WizLab   | Gained mutation: You tend to lose your temper in combat. [evolution]
 42092 | WizLab   | Lost mutation: You rapidly evolve. [end of evolution]
 42304 | WizLab   | Gained mutation: Your magical capacity is low. (-10% MP) [a cacodemon]
 42314 | WizLab   | Gained mutation: You are weak. (Str -2) [a cacodemon]
 42546 | WizLab   | Noticed Jucistur
 42551 | WizLab   | Found a burning altar of Makhleb.
 42753 | WizLab   | Killed Jucistur the Hellbinder
 42753 | WizLab   | Enslaved Jucistur the Hellbinder
 42826 | WizLab   | Identified Udeni's Guide on Companions
 42832 | WizLab   | Identified the Collected Works on the Entourage
 43097 | Elf:2    | Found Doiducun's Jewellery Shoppe.
 43099 | Elf:2    | Found Teisil's Armour Emporium.
 43464 | Elf:2    | Found a huge runed gate.
 43464 | Elf:2    | Found a huge runed gate.
 43470 | Elf:2    | Found a huge runed gate.
 43470 | Elf:2    | Found a huge runed gate.
 43470 | Elf:2    | Found a huge runed gate.
 43522 | Elf:3    | Entered Level 3 of the Elven Halls
 43686 | Elf:3    | Received a gift from Yredelemnul (a vampire knight)
 43756 | Elf:3    | Your ally Jucistur died
 44200 | Elf:3    | Cast into level 3 of the Abyss (a deep elf sorcerer)
 44270 | Abyss:3  | Noticed a bone dragon
 44311 | Abyss:3  | Killed a bone dragon
 44329 | Abyss:3  | Found a corrupted altar of Lugonu.
 44332 | Abyss:3  | Got an abyssal rune of Zot
 44364 | Abyss:3  | Reached skill level 11 in Invocations
 44497 | Abyss:3  | Received a gift from Yredelemnul (a phantasmal warrior)
 44580 | Elf:3    | Escaped the Abyss
 44672 | Elf:3    | Received a gift from Yredelemnul (a skeletal warrior)
 44889 | Elf:3    | Got a faintly glowing wooden ring
 44901 | Elf:3    | Identified the ring "Xyumiyg" {*Tele +Inv Str+2 Slay-6} (You took it off a deep elf sorcerer on level 3 of the Elven Halls)
 45020 | Elf:3    | Received a gift from Yredelemnul (a ghoul)
 45032 | Elf:3    | Identified the ring "Fafuwek" {rPois rF+ Str+2} (You took it off a deep elf master archer on level 3 of the Elven Halls)
 45312 | Elf:3    | Reached XP level 21. HP: 101/158 MP: 36/36
 45347 | Elf:3    | Identified the Almanac of Assistive Displacement
 45358 | Elf:3    | Identified Gutwum's Catalogue of Virous Air
 45366 | Elf:3    | Got a scorched helmet
 45367 | Elf:3    | Identified the +2 helmet of the Stars {rPois} (You found it on level 3 of the Elven Halls)
 45369 | Elf:3    | Identified the Incunabulum of Virous Changing
 45405 | Elf:3    | Learned a level 4 spell: Airstrike
 45410 | Elf:3    | Learned a level 4 spell: Summon Lightning Spire
 45766 | Depths:1 | Entered Level 1 of the Depths
 45766 | Depths:1 | Found a corrupted altar of Lugonu.
 45931 | Depths:1 | Found a one-way gate to the infinite horrors of the Abyss.
 46091 | Depths:1 | Got a heavily runed silver amulet
 46092 | Depths:1 | Identified the amulet "Orrahom" {Faith rPois rF++ rC+ Int-4} (You found it on level 1 of the Depths)
 46132 | Depths:1 | Received a gift from Yredelemnul (a ghoul)
 46143 | Depths:1 | Reached skill level 12 in Invocations
 46401 | Depths:1 | Received a gift from Yredelemnul (a phantasmal warrior)
 46507 | Depths:1 | Found Vanuoq's Jewellery Boutique.
 46509 | Depths:1 | Found Kuhoitin's Gadget Emporium.
 46509 | Depths:1 | Found Toiniste's Gadget Emporium.
 46700 | Depths:1 | Found a gateway to Hell.
 46883 | Depths:2 | Received a gift from Yredelemnul (a ghoul)
 46884 | Depths:2 | Noticed a caustic shrike
 46891 | Depths:2 | Killed a caustic shrike
 47154 | Depths:2 | Received a gift from Yredelemnul (a ghoul)
 47164 | Depths:2 | Noticed a caustic shrike
 47175 | Depths:2 | Killed a caustic shrike
 47320 | Depths:2 | Learned a level 6 spell: Freezing Cloud
 47369 | Depths:2 | Received a gift from Yredelemnul (a flayed ghost)
 47406 | Depths:2 | Received a gift from Yredelemnul (a ghoul)
 47417 | Depths:2 | Reached skill level 1 in Ice Magic
 47518 | Depths:2 | Reached skill level 13 in Invocations
 47534 | Depths:2 | Reached skill level 5 in Air Magic
 47537 | Depths:2 | Found a one-way gate leading to the halls of Pandemonium.
 47578 | Depths:2 | Found a gateway to a ziggurat.
 47613 | Depths:2 | Noticed a caustic shrike
 47614 | Depths:2 | Received a gift from Yredelemnul (a vampire knight)
 47623 | Depths:2 | Killed a caustic shrike
 47784 | Depths:2 | Lost mutation: Your magical capacity is low. (-10% MP) [potion of cure mutation]
 47784 | Depths:2 | Lost mutation: Your flesh is very heat resistant. (rF++) [potion of cure mutation]
 47784 | Depths:2 | Lost mutation: You are weak. (Str -2) [potion of cure mutation]
 47785 | Depths:2 | Gained mutation: You have claws for feet. [potion of beneficial mutation]
 47819 | Depths:2 | Received a gift from Yredelemnul (a flayed ghost)
 47887 | Depths:2 | Noticed an ancient lich
 47896 | Depths:2 | Killed an ancient lich
 47896 | Depths:2 | Reached XP level 22. HP: 64/167 MP: 28/41
 47901 | Depths:2 | Received a gift from Yredelemnul (a skeletal warrior)
 48465 | Depths:3 | Noticed a caustic shrike
 48468 | Depths:3 | Killed a caustic shrike
 49261 | Depths:4 | Received a gift from Yredelemnul (a skeletal warrior)
 49303 | Depths:4 | Noticed a caustic shrike
 49310 | Depths:4 | Killed a caustic shrike
 49311 | Depths:4 | Noticed a golden dragon
 49311 | Depths:4 | Noticed a caustic shrike
 49311 | Depths:4 | Noticed a caustic shrike
 49317 | Depths:4 | Killed a golden dragon
 49318 | Depths:4 | Killed a caustic shrike
 49318 | Depths:4 | Reached skill level 5 in Ice Magic
 49319 | Depths:4 | Received a gift from Yredelemnul (a vampire knight)
 49396 | Depths:4 | Reached skill level 14 in Invocations
 49521 | Depths:4 | Learned a level 3 spell: Regeneration
 49527 | Depths:4 | Learned a level 3 spell: Spectral Weapon
 49555 | Depths:4 | Received a gift from Yredelemnul (a vampire knight)
 49564 | Depths:4 | Got an ancient graven amulet
 49565 | Depths:4 | Identified the amulet "Elud" {Gourm rC- Str+6} (You acquired it on level 4 of the Depths)
 49577 | Depths:4 | Killed a caustic shrike
 49594 | Depths:4 | Reached skill level 10 in Air Magic
 49635 | Depths:4 | Noticed a caustic shrike
 49636 | Depths:4 | Noticed a caustic shrike
 49636 | Depths:4 | Noticed a caustic shrike
 49640 | Depths:4 | Killed a caustic shrike
 49642 | Depths:4 | Killed a caustic shrike
 49644 | Depths:4 | Killed a caustic shrike
 49862 | Depths:4 | Received a gift from Yredelemnul (a skeletal warrior)
 49963 | Depths:4 | Noticed a golden dragon
 49983 | Depths:4 | Killed a golden dragon
 50164 | Depths:4 | Reached XP level 23. HP: 147/174 MP: 42/42
 50368 | Depths:5 | Entered Level 5 of the Depths
 50397 | Depths:5 | Reached skill level 5 in Charms
 50417 | Depths:5 | Noticed Margery
 50439 | Depths:5 | Killed Margery
 50441 | Depths:5 | Received a gift from Yredelemnul (a skeletal warrior)
 50566 | Depths:5 | Received a gift from Yredelemnul (a bone dragon)
 50649 | Depths:5 | Received a gift from Yredelemnul (a ghoul)
 50793 | Depths:5 | Noticed Jorgrun
 50799 | Depths:5 | Killed Jorgrun
 50859 | Depths:5 | Found a gate to the Realm of Zot.
 50993 | Depths:5 | Noticed Sojobo
 51008 | Depths:5 | Killed Sojobo
 51008 | Depths:5 | Enslaved Sojobo
 51786 | Orc:2    | Iwannabefree: ??title
 51786 | Orc:2    | beem: 1/1. https://github.com/crawl/crawl/blob/master/crawl-ref/source/skills.cc#L64
 51786 | Orc:2    | Bought an uncursed ring of see invisible for 195 gold pieces
 52176 | Crypt:1  | Received a gift from Yredelemnul (a vampire knight)
 52269 | Crypt:1  | Noticed Donald
 52275 | Crypt:1  | Killed Donald
 52302 | Crypt:1  | Lost mutation: You have claws for feet. [evolution]
 52302 | Crypt:1  | Lost mutation: You evolve. [end of evolution]
 52745 | Crypt:2  | Reached skill level 10 in Conjurations
 52788 | Crypt:2  | Noticed Khufu
 52792 | Crypt:2  | Noticed a greater mummy
 52792 | Crypt:2  | Noticed a greater mummy
 52799 | Crypt:2  | Killed Khufu
 52799 | Crypt:2  | Reached skill level 15 in Spellcasting
 52803 | Crypt:2  | Killed a greater mummy
 52805 | Crypt:2  | Killed a greater mummy
 53198 | Crypt:3  | Entered Level 3 of the Crypt
 53201 | Crypt:3  | Received a gift from Yredelemnul (a ghoul)
 53207 | Crypt:3  | Received a gift from Yredelemnul (a phantasmal warrior)
 53276 | Crypt:3  | Received a gift from Yredelemnul (a flayed ghost)
 53389 | Crypt:3  | Received a gift from Yredelemnul (a phantasmal warrior)
 53410 | Crypt:3  | Reached XP level 24. HP: 180/180 MP: 43/43
 53433 | Crypt:3  | Noticed an ancient lich
 53437 | Crypt:3  | Killed an ancient lich
 53440 | Crypt:3  | Received a gift from Yredelemnul (a vampire knight)
 53551 | Crypt:3  | Found a basalt altar of Yredelemnul.
 53643 | Crypt:3  | Received a gift from Yredelemnul (a vampire knight)
 53805 | Crypt:3  | Found a staircase to the Tomb.
 53826 | Crypt:3  | Got a fine ruby amulet
 53826 | Crypt:3  | Got a smoking silver ring
 53827 | Crypt:3  | Identified the amulet "Myucublu" {Fragile rPois MR+ Regen+} (You found it on level 3 of the Crypt)
 53828 | Crypt:3  | Identified the ring "Vomput" {rN+ Str+3} (You found it on level 3 of the Crypt)
 53906 | Crypt:3  | Got a serpentine amber ring
 53907 | Crypt:3  | Identified the ring "Nekhlov" {rN++ MR- Str+3 Dex+4} (You found it on level 3 of the Crypt)
 54211 | Tomb:1   | Entered Level 1 of the Tomb of the Ancients
 54211 | Tomb:1   | Noticed Mara
 54216 | Tomb:1   | Noticed Iwannabefree's illusion
 54221 | Tomb:1   | Killed Mara
 54221 | Tomb:1   | Received a gift from Yredelemnul (a ghoul)
 54391 | Tomb:1   | Reached skill level 15 in Air Magic
 54400 | Tomb:1   | Noticed a greater mummy
 54417 | Tomb:1   | Killed a greater mummy
 54720 | Tomb:2   | Noticed a greater mummy
 54720 | Tomb:2   | Noticed a greater mummy
 54736 | Tomb:2   | Killed a greater mummy
 54755 | Tomb:2   | Killed a greater mummy
 54830 | Tomb:2   | Received a gift from Yredelemnul (a phantasmal warrior)
 54856 | Tomb:2   | Iwannabefree: !lg * title=apostate
 54856 | Tomb:2   | beem: 122. worldfamousw the Apostate (L13 HOFi of Beogh), shot by Nessos (arrow) on Lair:6 on 2016-12-09 18:39:04, with 34909 points after 22373 turns and 1:26:52.
 54856 | Tomb:2   | Iwannabefree: !lg * title=heretic
 54856 | Tomb:2   | beem: 5. koboldina the Heretic (L25 DsAs), blasted by an oklob plant (splash of acid) (created by the player character) on Zot:5 (hall_of_Zot) on 2016-05-31 05:09:08, with 564638 points after 90360 turns and 4:43:47.
 54856 | Tomb:2   | Iwannabefree: !log * title=heretic
 54856 | Tomb:2   | beem: 5. koboldina, XL25 DsAs, T:90360: http://crawl.berotato.org/crawl/morgue/koboldina/morgue-koboldina-20160531-050908.txt
 54874 | Tomb:2   | Noticed a greater mummy
 54879 | Tomb:2   | Noticed a greater mummy
 54884 | Tomb:2   | Killed a greater mummy
 54888 | Tomb:2   | Killed a greater mummy
 54976 | Tomb:1   | Noticed a greater mummy
 54976 | Tomb:1   | Noticed a greater mummy
 54976 | Tomb:1   | Noticed a greater mummy
 54978 | Tomb:1   | Noticed a greater mummy
 54990 | Tomb:1   | Killed a greater mummy
 54995 | Tomb:1   | Killed a greater mummy
 55000 | Tomb:1   | Killed a greater mummy
 55002 | Tomb:1   | Killed a greater mummy
 55062 | Tomb:1   | Noticed a greater mummy
 55066 | Tomb:1   | Noticed a greater mummy
 55068 | Tomb:1   | Noticed a greater mummy
 55072 | Tomb:1   | Killed a greater mummy
 55079 | Tomb:1   | Killed a greater mummy
 55083 | Tomb:1   | Killed a greater mummy
 55147 | Tomb:1   | Noticed a greater mummy
 55158 | Tomb:1   | Killed a greater mummy
 55158 | Tomb:1   | Reached skill level 15 in Invocations
 55203 | Tomb:1   | Noticed a greater mummy
 55215 | Tomb:1   | Killed a greater mummy
 55216 | Tomb:1   | Noticed a greater mummy
 55223 | Tomb:1   | Killed a greater mummy
 55223 | Tomb:1   | Reached XP level 25. HP: 103/186 MP: 43/44
 55271 | Tomb:1   | Noticed a greater mummy
 55281 | Tomb:1   | Killed a greater mummy
 55332 | Tomb:1   | Noticed a greater mummy
 55340 | Tomb:1   | Killed a greater mummy
 55345 | Tomb:1   | Noticed a greater mummy
 55351 | Tomb:1   | Killed a greater mummy
 55352 | Tomb:1   | Received a gift from Yredelemnul (a vampire)
 55436 | Tomb:1   | Noticed a greater mummy
 55444 | Tomb:1   | Killed a greater mummy
 55567 | Tomb:1   | Noticed a greater mummy
 55576 | Tomb:1   | Killed a greater mummy
 55581 | Tomb:1   | Noticed a greater mummy
 55584 | Tomb:1   | Killed a greater mummy
 55584 | Tomb:1   | Reached skill level 16 in Invocations
 55795 | Tomb:3   | Entered Level 3 of the Tomb of the Ancients
 55811 | Tomb:3   | Received a gift from Yredelemnul (a flayed ghost)
 55946 | Tomb:3   | Noticed an ancient lich
 56030 | Tomb:2   | Killed an ancient lich
 56030 | Tomb:2   | Reached skill level 17 in Invocations
 56072 | Tomb:2   | Received a gift from Yredelemnul (a phantasmal warrior)
 56136 | Tomb:3   | Noticed a greater mummy
 56223 | Tomb:3   | Noticed a greater mummy
 56226 | Tomb:2   | Killed a greater mummy
 56280 | Tomb:3   | Noticed a greater mummy
 56285 | Tomb:3   | Killed a greater mummy
 56289 | Tomb:2   | Killed a greater mummy
 56289 | Tomb:2   | Reached skill level 18 in Invocations
 56377 | Tomb:3   | Noticed a greater mummy
 56379 | Tomb:3   | Noticed a greater mummy
 56384 | Tomb:3   | Noticed a greater mummy
 56385 | Tomb:3   | Killed a greater mummy
 56388 | Tomb:3   | Noticed a greater mummy
 56393 | Tomb:3   | Killed a greater mummy
 56400 | Tomb:3   | Killed a greater mummy
 56404 | Tomb:3   | Killed a greater mummy
 56467 | Tomb:3   | Noticed a greater mummy
 56476 | Tomb:3   | Killed a greater mummy
 56644 | Tomb:3   | Got a golden rune of Zot
 56717 | Tomb:3   | Got a flickering pewter ring
 56735 | Tomb:3   | Identified the ring "Ocsarghusk" {rF+ rN++ Int-3 Slay+4 SInv} (You found it on level 3 of the Tomb of the Ancients)
 56751 | Tomb:3   | Got a coiled granite ring
 56752 | Tomb:3   | Identified the ring "Lewis" {MR+ Dex+2} (You found it on level 3 of the Tomb of the Ancients)
 56753 | Tomb:3   | bear: fragile = slomaetsya esli snyat`?
 56754 | Tomb:3   | Iwannabefree: da
 56795 | Tomb:3   | Reached skill level 19 in Invocations
 56796 | Tomb:3   | Received a gift from Yredelemnul (a vampire)
 56855 | Tomb:2   | Received a gift from Yredelemnul (a vampire)
 57103 | Vaults:4 | Bought a +0 pair of boots of stealth for 184 gold pieces
 57246 | Vaults:5 | Received a gift from Yredelemnul (a vampire)
 57280 | Vaults:5 | Reached skill level 20 in Invocations
 57307 | Vaults:5 | Reached XP level 26. HP: 131/189 MP: 44/44
 57370 | Vaults:5 | Identified the amulet of Elitism {RegenMP rN+} (You took it off a deep elf high priest on level 5 of the Vaults)
 57381 | Vaults:5 | Got a silver rune of Zot
 57460 | Vaults:5 | Received a gift from Yredelemnul (a ghoul)
 57559 | Vaults:5 | Reached skill level 21 in Invocations
 57559 | Vaults:5 | Received a gift from Yredelemnul (a flayed ghost)
 57632 | Vaults:5 | Received a gift from Yredelemnul (a vampire knight)
 57692 | Vaults:5 | Reached skill level 22 in Invocations
 57870 | Vaults:5 | Identified the Disquisition on Freezing Earth
 57894 | Vaults:5 | Received a gift from Yredelemnul (a phantasmal warrior)
 58041 | Vaults:5 | Identified the +0 cloak of Najauth {+Inv Regen+ rCorr Dex-2 Stlth-} (You found it on level 5 of the Vaults)
 58140 | Vaults:5 | Identified Ymurch's Tome of Confrontation
 58319 | Vaults:5 | Received a gift from Yredelemnul (a skeletal warrior)
 58414 | Vaults:5 | Learned a level 8 spell: Chain Lightning
 58709 | Vaults:5 | Reached skill level 23 in Invocations
 59550 | Zot:1    | Entered Level 1 of the Realm of Zot
 59894 | Zot:4    | Reached skill level 24 in Invocations
 59923 | Zot:5    | Entered Level 5 of the Realm of Zot
 59925 | Zot:5    | Reached XP level 27. HP: 198/198 MP: 40/44
 59940 | Zot:5    | Got a pair of steaming gloves
 59951 | Zot:5    | Identified the -2 pair of gloves of Pandemonium {-Cast *Slow rElec Dex+9} (You acquired it on level 5 of the Realm of Zot)
 60279 | Zot:5    | Noticed an ancient lich
 60284 | Zot:5    | Iwannabefree: suk
 60284 | Zot:5    | Iwannabefree: nastupil na trapu
 60284 | Zot:5    | Iwannabefree: durak ebany
 60287 | Zot:5    | Killed an ancient lich
 60293 | Zot:5    | Received a gift from Yredelemnul (a vampire)
 60303 | Zot:5    | Noticed an ancient lich
 60307 | Zot:5    | Noticed an ancient lich
 60315 | Zot:5    | Killed an ancient lich
 60315 | Zot:5    | Reached skill level 25 in Invocations
 60326 | Zot:5    | Killed an ancient lich
 60335 | Zot:5    | Noticed an ancient lich
 60341 | Zot:5    | Killed an ancient lich
 60399 | Zot:5    | Noticed an ancient lich
 60408 | Zot:5    | Killed an ancient lich
 60438 | Zot:5    | Noticed an orb of fire
 60438 | Zot:5    | Gained mutation: You often lose your temper in combat. [an orb of fire]
 60451 | Zot:5    | Killed an orb of fire
 60476 | Zot:5    | Identified Ibbu's Easy Spellweaving
 60514 | Zot:5    | Reached skill level 26 in Invocations
 60577 | Zot:5    | Noticed an orb of fire
 60587 | Zot:5    | Killed an orb of fire
 60589 | Zot:5    | Received a gift from Yredelemnul (a vampire knight)
 60594 | Zot:5    | p0werm0de: cute sword man
 60594 | Zot:5    | Iwannabefree: yo
 60594 | Zot:5    | Iwannabefree: got another
 60594 | Zot:5    | Iwannabefree: one
 60620 | Zot:5    | Noticed an ancient lich
 60628 | Zot:5    | Killed an ancient lich
 60668 | Zot:5    | Got the Orb of Zot
 60703 | Zot:5    | Noticed an ancient lich
 60713 | Zot:5    | Killed an ancient lich
 60766 | Zot:4    | Noticed Woak the pandemonium lord
 60829 | Zot:2    | Received a gift from Yredelemnul (a vampire)
 60858 | Zot:1    | Noticed Nuduv the pandemonium lord
 60865 | Zot:1    | Killed Nuduv the pandemonium lord
 60866 | Zot:1    | Iwannabefree: lol
 60866 | Zot:1    | Iwannabefree: fast
 61025 | D:13     | Reached skill level 27 in Invocations
 61026 | D:13     | p0werm0de: you play tome4 too eh?
 61031 | D:13     | p0werm0de: saw ou on chat i think
 61038 | D:13     | Iwannabefree: y
 61038 | D:13     | Iwannabefree: heh
 61048 | D:12     | Iwannabefree: playing too bad
 61063 | D:11     | p0werm0de: its a long game
 61069 | D:11     | Iwannabefree: unlocked reaver last game
 61069 | D:11     | p0werm0de: i play adventure mostly there
 61069 | D:11     | Iwannabefree: gonna try him
 61069 | D:11     | p0werm0de: i had first insane/adventure win now with paradox mage
 61069 | D:11     | p0werm0de: pretty good class
 61069 | D:11     | Iwannabefree: btw last character got killed by unique blade horror
 61085 | D:10     | p0werm0de: in nur?
 61085 | D:10     | Iwannabefree: like without a chance to survive
 61085 | D:10     | Iwannabefree: y
 61110 | D:10     | p0werm0de: yea
 61115 | D:10     | p0werm0de: status management ;P
 61132 | D:10     | p0werm0de: in tome super important
 61317 | D:1      | Iwannabefree: yred <3
 61318 | D:$      | Escaped with the Orb!

Skill      XL: |  1  2  3  4  5  6  7  8  9 10 11 12 13 14 15 16 17 18 19 20 21 22 23 24 25 26 27 |
---------------+----------------------------------------------------------------------------------+-----
Throwing       | 1 |  1.0
Hexes          | 4 5 6 7 8 9 10 11 | 11.5
Spellcasting   | 3 4 5 6 7 9 11 13 14 15 16 | 16.3
Fighting       | 2 3 5 6 7 8 9 10 11 12 14 15 16 17 18 19 | 19.1
Dodging        | 3 4 5 6 8 9 10 11 13 15 16 17 18 | 18.1
Stealth        | 4 5 6 |  6.0
Long Blades    | 3 5 7 8 9 13 16 17 19 20 21 22 23 24 25 26 | 26.0
Armour         | 1 3 4 6 7 9 10 | 10.0
Invocations    | 3 5 8 10 11 13 14 15 20 24 27 | 27.0
Conjurations   | 5 8 10 11 | 11.5
Fire Magic     | 5 |  5.0
Charms         | 3 4 7 |  7.0
Air Magic      | 3 4 6 11 14 15 | 15.4
Ice Magic      | 3 6 8 9 |  9.5
Short Blades   | |  1.2

Action                   |  1- 3 |  4- 6 |  7- 9 | 10-12 | 13-15 | 16-18 | 19-21 | 22-24 | 25-27 || total
-------------------------+-------+-------+-------+-------+-------+-------+-------+-------+-------++-------
Melee: Dagger            |    78 |   172 |   149 |     7 |    24 |       |       |       |       ||   430
       Short sword       |       |     4 |   168 |   509 |   811 |     1 |       |       |       ||  1493
       Kick              |       |       |       |    11 |    26 |       |     8 |   450 |    86 ||   581
       Scimitar          |       |       |       |       |   389 |       |       |       |       ||   389
       Great sword       |       |       |       |       |   139 |   737 |       |       |       ||   876
       Triple sword      |       |       |       |       |       |   358 |  1048 |   910 |   831 ||  3147
       Headbutt          |       |       |       |       |       |    78 |   290 |   271 |   237 ||   876
 Fire: Blowgun           |       |       |       |       |    18 |       |       |       |       ||    18
Throw: Javelin           |    14 |     2 |       |     1 |       |       |       |       |       ||    17
       Throwing net      |       |       |       |     2 |     1 |       |       |       |     1 ||     4
 Cast: Corona            |     3 |       |       |       |       |       |       |       |       ||     3
       Ensorcelled Hiber |    30 |    11 |     3 |     5 |       |       |       |       |       ||    49
       Confuse           |     1 |    26 |    27 |   118 |    85 |    42 |     7 |     1 |     5 ||   312
       Conjure Flame     |       |     1 |       |       |     4 |       |       |       |       ||     5
       Repel Missiles    |       |       |       |     1 |       |     6 |     5 |     2 |       ||    14
       Sticky Flame      |       |       |       |       |     8 |       |       |       |       ||     8
       Invisibility      |       |       |       |       |       |     2 |     3 |     1 |     2 ||     8
       Recall            |       |       |       |       |       |       |     2 |       |     8 ||    10
       Passwall          |       |       |       |       |       |       |     2 |       |       ||     2
       Apportation       |       |       |       |       |       |       |     1 |       |       ||     1
       Blink             |       |       |       |       |       |       |     1 |       |       ||     1
       Regeneration      |       |       |       |       |       |       |       |    16 |    61 ||    77
       Silence           |       |       |       |       |       |       |       |    14 |    13 ||    27
       Deflect Missiles  |       |       |       |       |       |       |       |     1 |     2 ||     3
       Freezing Cloud    |       |       |       |       |       |       |       |       |     3 ||     3
Invok: Animate Dead      |       |       |       |     2 |     5 |    12 |       |       |       ||    19
       Drain Life        |       |       |       |       |     8 |    16 |    24 |     9 |    11 ||    68
       Recall Undead Sla |       |       |       |       |     6 |    14 |     9 |     6 |     4 ||    39
       Enslave Soul      |       |       |       |       |     1 |     2 |     3 |     1 |       ||     7
       Stop Recall       |       |       |       |       |       |       |     1 |     2 |     4 ||     7
Evoke: Rod               |       |       |       |     2 |       |       |       |       |       ||     2
       Wand              |       |       |       |     9 |       |     3 |     1 |     2 |     9 ||    24
  Use: Potion            |     1 |     2 |       |     3 |     2 |     4 |     6 |     3 |     4 ||    25
       Scroll            |       |     3 |     4 |    15 |    16 |    10 |    21 |     8 |    23 ||   100
 Stab: Sleeping          |    15 |    10 |    12 |     9 |    15 |    19 |     9 |    13 |     6 ||   108
       Confused          |     1 |     8 |    16 |    26 |    37 |    13 |     1 |       |       ||   102
       Distracted        |       |     2 |       |     4 |     6 |    19 |    12 |    26 |    17 ||    86
       Invisible         |       |       |       |     3 |     1 |     5 |    10 |     4 |    17 ||    40
       Held in net/web   |       |       |       |     1 |       |       |       |       |       ||     1
       Paralysed         |       |       |       |       |       |       |     4 |     2 |       ||     6
  Eat: Chunk             |     4 |    11 |    13 |    19 |    42 |    14 |    27 |    10 |     6 ||   146
       Royal jelly       |       |       |       |     1 |       |       |     1 |     1 |       ||     3
       Fruit             |       |       |       |     2 |     1 |       |       |       |     1 ||     4
       Beef jerky        |       |       |       |     1 |       |     7 |     2 |     1 |     1 ||    12
       Pizza             |       |       |       |       |     2 |       |     1 |       |       ||     3
       Meat ration       |       |       |       |       |       |     5 |     2 |     5 |     4 ||    16
Armor: Robe              |    23 |    71 |    42 |       |       |       |       |       |       ||   136
       Ring mail         |       |       |    79 |   219 |   440 |   541 |   328 |       |       ||  1607
       Quicksilver drago |       |       |       |       |       |       |    18 |   241 |   327 ||   586
Dodge: Dodged            |    65 |   150 |   172 |   295 |   871 |   798 |   795 |   774 |   748 ||  4668
       Deflected         |       |       |       |       |     4 |    25 |    47 |    18 |    34 ||   128
Block: Other             |       |       |       |    59 |   322 |   261 |   182 |       |       ||   824
       Reflection        |       |       |       |     2 |     7 |     9 |    19 |       |       ||    37
       Rpst.: Scimitar   |       |       |       |       |    61 |       |       |       |       ||    61
       Great sword       |       |       |       |       |    43 |   116 |       |       |       ||   159
       Triple sword      |       |       |       |       |       |    39 |   172 |   161 |   156 ||   528
